 Dungeon Crawl Stone Soup version 0.16-a0-3325-g64f94fb (console) character file.

336 snowman the Chiller (level 6, -7/49 HPs)
             Began as a Demonspawn Ice Elementalist on Dec 27, 2014.
             Mangled by Menkaure (21 damage)
             ... on level 4 of the Dungeon.
             The game lasted 00:11:39 (1680 turns).

snowman the Chiller (Demonspawn Ice Elementalist)   Turns: 1680, Time: 00:11:39

Health: -7/49      AC:  7    Str:  9    XL:     6   Next: 28%
Magic:  0/12       EV: 18    Int: 18    God:
Gold:   125        SH:  0    Dex: 18    Spells: 2 memorised, 6 levels left

rFire  . . .     SeeInvis .     h - +2 dagger (venom)
rCold  . . .     Clarity  .     a - +0 robe
rNeg   . . .     SustAb   .     (no shield)
rPois  .         Gourm    .     v - +2 hat
rElec  .         Spirit   +     (no cloak)
rCorr  .         Warding  .     (no gloves)
rMut   .         Stasis   .     (no boots)
MR     .....                    (no amulet)
Stlth  +++.......               (no ring)
                                (no ring)

@: agile, not resistant to hostile enchantments, fairly stealthy
A: rugged brown scales 3, spiny 1, magic shield
a: no special abilities


You were on level 4 of the Dungeon.
You were very hungry.

You visited 1 branch of the dungeon, and saw 4 of its levels.
You also visited: Sewer.

You collected 125 gold pieces.

Inventory:

Hand weapons
 e - a +0 spear
 h - a +2 dagger of venom (weapon)
Missiles
 j - 19 poisoned needles
Armour
 a - a +0 robe (worn)
 t - a +0 helmet
 v - a +2 hat (worn)
Jewellery
 i - an uncursed ring of loudness
Scrolls
 d - 2 scrolls of teleportation
 o - a scroll of blinking {unknown}
 r - a scroll of enchant armour {unknown}
 s - a scroll of enchant weapon {unknown}
 u - a scroll of remove curse
 x - a scroll of magic mapping {unknown}
Potions
 n - a potion of curing
Books
 b - a book of Frost

   Spells                             Type                      Level
   a - Freeze                         Ice                          1
   b - Throw Frost                    Conjuration/Ice              2
   c - Ozocubu's Armour               Charms/Ice                   3
   d - Throw Icicle                   Conjuration/Ice              4
   e - Summon Ice Beast               Ice/Summoning                4
   f - Condensation Shield            Ice                          4
 k - a book of the Tempests

   Spells                             Type                      Level
   a - Static Discharge               Conjuration/Air              3
   b - Lightning Bolt                 Conjuration/Air              5
   c - Fireball                       Conjuration/Fire             5
   d - Tornado                        Air                          9
   e - Shatter                        Earth                        9
Comestibles
 c - 4 bread rations
 f - 4 fruits
 g - a slice of pizza
 l - a royal jelly
 m - a beef jerky
 w - a meat ration


   Skills:
 + Level 2.4 Fighting
 + Level 2.9 Dodging
 + Level 2.9 Stealth
 + Level 3.0 Spellcasting
 - Level 1.0 Conjurations
 * Level 4.2 Ice Magic


You had 6 spell levels left.
You knew the following spells:

 Your Spells              Type           Power        Failure   Level  Hunger
a - Freeze                Ice            ###.         2%          1    None
b - Throw Icicle          Conj/Ice       ##......     67%         4    ####...


Dungeon Overview and Level Annotations

Branches:
Dungeon (4/15)
 Temple: D:4-7

Altars:

Annotations:
D:4 Menkaure


Innate Abilities, Weirdness & Mutations

You are completely covered in rugged brown scales (AC +3, +7% HP).
You are partially covered in sharp spines.
When hurt, damage is shared between your health and your magic reserves.


Message History

Menkaure is heavily damaged.
Menkaure completely misses you.
Casting: Freeze
Confirm with . or Enter, or press ? or * to list all spells.
Aiming: Freeze
Press: ? - help, Shift-Dir - straight line, f/p - Menkaure
Aim: Menkaure (heavily damaged, fast)
You freeze Menkaure.
Menkaure resists.
Menkaure is severely damaged.
Menkaure hits you.
* * * LOW HITPOINT WARNING * * *
Casting: Freeze
Confirm with . or Enter, or press ? or * to list all spells.
Aiming: Freeze
Press: ? - help, Shift-Dir - straight line, f/p - Menkaure
Aim: Menkaure (severely damaged, fast)
You freeze Menkaure.
Menkaure resists.
Menkaure is severely damaged.
Menkaure hits you!!
You die...

#.# #.#
##.##
###...###
.......
#...# #.#
####)#
#.M@<#
#.#### #.
#M #. #.
#. #. .


You could see Menkaure.

Vanquished Creatures
  An ogre (D:4)
  A giant frog (Sewer)
  A worker ant zombie (D:3)
  8 adders
  2 giant mites (Sewer)
  A worm (D:3)
  4 giant geckos
  3 oozes (D:2)
  2 ball pythons
  5 bats
  14 giant cockroaches
  4 hobgoblins
  4 jackals (D:1)
  A quokka (D:2)
  13 giant newts
  4 goblins
  9 kobolds
  18 rats
95 creatures vanquished.

Notes
Turn   | Place    | Note
--------------------------------------------------------------
     0 | D:1      | snowman, the Demonspawn Ice Elementalist, began the quest for the Orb.
     0 | D:1      | Reached XP level 1. HP: 13/13 MP: 3/3
   213 | D:1      | Gained mutation: You are partially covered in rugged brown scales (AC +1, +3% HP). [demonic ancestry]
   213 | D:1      | Reached XP level 2. HP: 14/20 MP: 4/4
   250 | D:1      | Reached skill level 1 in Fighting
   408 | D:1      | Reached skill level 3 in Ice Magic
   410 | D:1      | Gained mutation: You are mostly covered in rugged brown scales (AC +2, +5% HP). [demonic ancestry]
   410 | D:1      | Reached XP level 3. HP: 12/27 MP: 2/6
   914 | D:3      | Gained mutation: You are completely covered in rugged brown scales (AC +3, +7% HP). [demonic ancestry]
   914 | D:3      | Reached XP level 4. HP: 27/34 MP: 6/8
   954 | D:3      | Learned a level 4 spell: Throw Icicle
   978 | D:3      | Found a glowing drain.
  1015 | Sewer    | Entered a sewer
  1248 | Sewer    | Noticed a giant frog
  1254 | Sewer    | Killed a giant frog
  1254 | Sewer    | Gained mutation: You are partially covered in sharp spines. [demonic ancestry]
  1254 | Sewer    | Reached XP level 5. HP: 12/40 MP: 5/9
  1464 | D:3      | Reached skill level 4 in Ice Magic
  1660 | D:4      | Noticed an ogre
  1667 | D:4      | Noticed Menkaure
  1667 | D:4      | Killed an ogre
  1667 | D:4      | Gained mutation: When hurt, damage is shared between your health and your magic reserves. [demonic ancestry]
  1667 | D:4      | Reached XP level 6. HP: 32/49 MP: 10/12
  1680 | D:4      | Mangled by Menkaure

Action                   |  1- 3 |  4- 6 || total
-------------------------+-------+-------++-------
Melee: Spear             |    12 |       ||    12
       Dagger            |    84 |   100 ||   184
 Cast: Freeze            |    36 |    40 ||    76
  Use: Scroll            |     4 |     1 ||     5
       Potion            |       |     1 ||     1
 Stab: Sleeping          |     2 |       ||     2
  Eat: Chunk             |       |     2 ||     2
